SA
CONNETQUOT CHIEFS @ GRIM REAPERS
08/18/2030
 
TOP OF THE 1ST
Connetquot Chiefs batting - Pitching for Grim Reapers : RHP Emílio Rodríguez
Pitching: RHP Emílio Rodríguez
Batting: LHB Wilson López 0-0: Called Strike
0-1: Foul Ball, location: 2F
0-2: Ground out 6-3 (Groundball, 6)
Batting: LHB Govaart Pleijt 0-0: Called Strike
0-1: Swinging Strike
0-2: Strikes out swinging
Batting: RHB Júlio Flores 0-0: Foul Ball, location: 2F
0-1: Ball
1-1: Called Strike
1-2: Foul Ball, location: 2F
1-2: Fly out, F7 (Line Drive, 7)
Top of the 1st over - 0 runs, 0 hits, 0 errors, 0 left on base; Connetquot 0 - Grim 0
BOTTOM OF THE 1ST
Grim Reapers batting - Pitching for Connetquot Chiefs : RHP Turner Shamburger
Pitching: RHP Turner Shamburger
Batting: RHB Askari bin Idris 0-0: Fly out, F8 (Flyball, 8LM)
Batting: RHB Caleb Ogle 0-0: Called Strike
0-1: Ball
1-1: DOUBLE (Line Drive, 7D)
Batting: RHB Milos Jaksch 0-0: SINGLE (Groundball, 6D)
Caleb Ogle to third
Runner from 3rd tries for Home, SAFE, no throw
Batting: RHB Colby King 0-0: Ball
Milos Jaksch steals 2nd base
1-0: Called Strike
1-1: Fly out, F1 (Line Drive, 15S)
Batting: LHB Glen Allen Mixon 0-0: Fly out, F9 (Flyball, 9)
Bottom of the 1st over - 1 run, 2 hits, 0 errors, 1 left on base; Connetquot 0 - Grim 1
TOP OF THE 2ND
Connetquot Chiefs batting - Pitching for Grim Reapers : RHP Emílio Rodríguez
Batting: LHB Travis Grigor 0-0: Foul Ball, location: 2F
0-1: Reached on error, E4 (Groundball, 4)
Batting: RHB Héctor Amaya 0-0: Ground out 6-3 (Groundball, 6)
Batting: LHB Divine Diablo 0-0: DOUBLE (Line Drive, 9LM)
Travis Grigor scores
Batting: LHB Brad Mosley 0-0: Ball
1-0: Called Strike
1-1: Ball
2-1: Ball
3-1: Foul Ball, location: 2F
3-2: Fly out, F3 (Popup, 34S)
Batting: RHB Peter Geib 0-0: Ball
1-0: Ball
2-0: Ball
3-0: Base on Balls
Batting: RHB Jorge Concepción 0-0: Ball
1-0: Ball
2-0: Called Strike
2-1: Ball
3-1: Foul Ball, location: 2F
3-2: Foul Ball, location: 2F
3-2: DOUBLE (Flyball, 78D)
Divine Diablo scores
Peter Geib to third
Peter Geib scores
Batting: LHB Wilson López 0-0: Called Strike
0-1: Foul Ball, location: 2F
0-2: Fly out, F9 (Flyball, 9)
Top of the 2nd over - 3 runs, 2 hits, 1 error, 1 left on base; Connetquot 3 - Grim 1
BOTTOM OF THE 2ND
Grim Reapers batting - Pitching for Connetquot Chiefs : RHP Turner Shamburger
Batting: RHB Mun-wah Law 0-0: Fly out, F4 (Line Drive, 4)
Batting: RHB Huai-yi Yang 0-0: Ball
1-0: Ground out 5-3 (Groundball, 56)
Batting: SHB Fernando Rincón 0-0: Ball
1-0: Called Strike
1-1: Ball
2-1: Ground out U3 (Groundball, 3)
Bottom of the 2nd over - 0 runs, 0 hits, 0 errors, 0 left on base; Connetquot 3 - Grim 1
TOP OF THE 3RD
Connetquot Chiefs batting - Pitching for Grim Reapers : RHP Emílio Rodríguez
Batting: LHB Govaart Pleijt 0-0: Ball
1-0: Ball
2-0: Ground out 3-1 (Groundball, 34D)
Batting: RHB Júlio Flores 0-0: Called Strike
0-1: Ground out U3 (Groundball, 3L)
Batting: LHB Travis Grigor 0-0: Ball
1-0: Swinging Strike
1-1: Ball
2-1: Swinging Strike
2-2: Fly out, F7 (Flyball, 7LMF)
Top of the 3rd over - 0 runs, 0 hits, 0 errors, 0 left on base; Connetquot 3 - Grim 1
BOTTOM OF THE 3RD
Grim Reapers batting - Pitching for Connetquot Chiefs : RHP Turner Shamburger
Batting: RHB Joe Rodgers 0-0: Foul Ball, location: 2F
0-1: Swinging Strike
0-2: Ball
1-2: Foul Ball, location: 2F
1-2: Foul Ball, location: 2F
1-2: Ball
2-2: Ball
3-2: Foul Ball, location: 2F
3-2: Foul Ball, location: 2F
3-2: Fly out, F9 (Flyball, 89D)
Batting: RHB Askari bin Idris 0-0: Ball
1-0: Called Strike
1-1: Ball
2-1: Called Strike
2-2: Foul Ball, location: 2F
2-2: Ball
3-2: Foul Ball, location: 2F
3-2: Strikes out swinging
Batting: RHB Caleb Ogle 0-0: Ball
1-0: SINGLE (Groundball, 4MD)
Batting: RHB Milos Jaksch 0-0: Called Strike
0-1: Ball
1-1: Ball
2-1: Called Strike
2-2: Ball
3-2: Foul Ball, location: 2F
3-2: Foul Ball, location: 2F
3-2: Base on Balls
Caleb Ogle to second
Batting: RHB Colby King 0-0: Foul Ball, location: 2F
0-1: Foul Ball, location: 2F
0-2: Strikes out swinging
Bottom of the 3rd over - 0 runs, 1 hit, 0 errors, 2 left on base; Connetquot 3 - Grim 1
TOP OF THE 4TH
Connetquot Chiefs batting - Pitching for Grim Reapers : RHP Emílio Rodríguez
Batting: RHB Héctor Amaya 0-0: Ball
1-0: Foul Ball, location: 2F
1-1: DOUBLE (Line Drive, 7LM)
Batting: LHB Divine Diablo 0-0: Swinging Strike
0-1: SINGLE (Groundball, 4D)
Héctor Amaya to third
Batting: LHB Brad Mosley 0-0: Ball
1-0: SINGLE (Groundball, 34D)
Héctor Amaya scores
Divine Diablo to second
Runner from 2nd tries for 3rd, SAFE, no throw
Batting: RHB Peter Geib 0-0: Called Strike
0-1: Ball
1-1: Called Strike
Brad Mosley is caught stealing 2nd base
1-2: Fly out, F7 (Flyball, 7LM)
Runner from 3rd tags up, SCORES, throw made
Batting: RHB Jorge Concepción 0-0: Ball
1-0: Ball
2-0: Called Strike
2-1: Foul Ball, location: 2F
2-2: Fly out, F8 (Line Drive, 8LD)
Top of the 4th over - 2 runs, 3 hits, 0 errors, 0 left on base; Connetquot 5 - Grim 1
BOTTOM OF THE 4TH
Grim Reapers batting - Pitching for Connetquot Chiefs : RHP Turner Shamburger
Batting: LHB Glen Allen Mixon 0-0: Fly out, F9 (Flyball, 9LM)
Batting: RHB Mun-wah Law 0-0: Ball
1-0: Called Strike
1-1: Foul Ball, location: 2F
1-2: Foul Ball, location: 2F
1-2: DOUBLE (Flyball, 8LD)
Batting: RHB Huai-yi Yang 0-0: Called Strike
0-1: Ground out 5-3 (Groundball, 56)
Batting: SHB Fernando Rincón 0-0: Foul Ball, location: 2F
0-1: Called Strike
0-2: Ball
1-2: Ball
2-2: Strikes out swinging
Bottom of the 4th over - 0 runs, 1 hit, 0 errors, 1 left on base; Connetquot 5 - Grim 1
TOP OF THE 5TH
Connetquot Chiefs batting - Pitching for Grim Reapers : RHP Emílio Rodríguez
Batting: LHB Wilson López 0-0: Ball
1-0: Ball
2-0: DOUBLE (Line Drive, 89D)
Batting: LHB Govaart Pleijt 0-0: SINGLE (Line Drive, 6M)
Wilson López to third
Runner from 3rd tries for Home, SAFE, no throw
Batting: RHB Júlio Flores 0-0: Called Strike
Throwing error on steal attempt, E2
Govaart Pleijt to third
0-1: Ball
1-1: Fly out, F5 (Popup, 25F)
Batting: LHB Travis Grigor 0-0: Ball
1-0: Called Strike
1-1: Ball
2-1: Ball
3-1: Ground out 5-3 (Groundball, 56S)
Govaart Pleijt scores
Batting: RHB Héctor Amaya 0-0: Foul Ball, location: 2F
0-1: Ball
1-1: Called Strike
1-2: Foul Ball, location: 2F
1-2: SOLO HOME RUN (Line Drive, 7D), Distance : 397 ft
Batting: LHB Divine Diablo 0-0: Ball
1-0: Foul Ball, location: 2F
1-1: Ball
2-1: SINGLE (Groundball, 4MD)
Batting: LHB Brad Mosley 0-0: Called Strike
0-1: Foul Ball, location: 2F
0-2: Ball
1-2: Ball
2-2: Fly out, F6 (Line Drive, 6)
Top of the 5th over - 3 runs, 4 hits, 1 error, 1 left on base; Connetquot 8 - Grim 1
BOTTOM OF THE 5TH
Grim Reapers batting - Pitching for Connetquot Chiefs : RHP Turner Shamburger
Batting: RHB Joe Rodgers 0-0: Ball
1-0: Swinging Strike
1-1: Swinging Strike
1-2: Strikes out swinging
Batting: RHB Askari bin Idris 0-0: Foul Ball, location: 2F
0-1: Ball
1-1: Foul Ball, location: 2F
1-2: Fly out, F3 (Popup, 3SF)
Batting: RHB Caleb Ogle 0-0: Called Strike
0-1: Foul Ball, location: 2F
0-2: Ground out 4-3 (Groundball, 4)
Bottom of the 5th over - 0 runs, 0 hits, 0 errors, 0 left on base; Connetquot 8 - Grim 1
TOP OF THE 6TH
Connetquot Chiefs batting - Pitching for Grim Reapers : RHP Emílio Rodríguez
Batting: RHB Peter Geib 0-0: Ball
1-0: Called Strike
1-1: Ground out 6-3 (Groundball, 56D)
Batting: RHB Jorge Concepción 0-0: Ball
1-0: SINGLE (Groundball, 56D)
Batting: LHB Wilson López 0-0: Called Strike
0-1: Swinging Strike
0-2: Ball
Jorge Concepción steals 2nd base
1-2: Strikes out swinging
Batting: LHB Govaart Pleijt 0-0: Called Strike
0-1: Swinging Strike
0-2: Ball
1-2: Foul Ball, location: 2F
1-2: Ball
2-2: Fly out, F8 (Flyball, 8LM)
Top of the 6th over - 0 runs, 1 hit, 0 errors, 1 left on base; Connetquot 8 - Grim 1
BOTTOM OF THE 6TH
Grim Reapers batting - Pitching for Connetquot Chiefs : RHP Turner Shamburger
Batting: RHB Milos Jaksch 0-0: Foul Ball, location: 2F
0-1: Foul Ball, location: 2F
0-2: Ball
1-2: Fly out, F8 (Flyball, 8RM)
Batting: RHB Colby King 0-0: Ball
1-0: Called Strike
1-1: SINGLE (Line Drive, 78S)
Batting: LHB Glen Allen Mixon 0-0: Fly out, F4 (Line Drive, 4)
Batting: RHB Mun-wah Law 0-0: Called Strike
0-1: Ball
1-1: Called Strike
1-2: Ball
2-2: Strikes out looking
Bottom of the 6th over - 0 runs, 1 hit, 0 errors, 1 left on base; Connetquot 8 - Grim 1
TOP OF THE 7TH
Connetquot Chiefs batting - Pitching for Grim Reapers : RHP Emílio Rodríguez
Batting: RHB Júlio Flores 0-0: Ball
1-0: Called Strike
1-1: Ball
2-1: Foul Ball, location: 2F
2-2: Ball
3-2: Base on Balls
Batting: LHB Travis Grigor 0-0: Swinging Strike
0-1: Called Strike
0-2: Foul Ball, location: 2F
0-2: Foul Ball, location: 2F
0-2: Strikes out swinging
Batting: RHB Héctor Amaya 0-0: Called Strike
0-1: Ball
1-1: Called Strike
1-2: Ball
2-2: Strikes out swinging
Pitching: RHP Chang-soo Yi
Batting: LHB Divine Diablo 0-0: Ball
1-0: Called Strike
1-1: SINGLE (Groundball, 34) (infield hit)
Júlio Flores to second
Batting: LHB Brad Mosley 0-0: Called Strike
0-1: Ball
1-1: Ball
2-1: Foul Ball, location: 2F
2-2: Ball
3-2: Strikes out swinging
Top of the 7th over - 0 runs, 1 hit, 0 errors, 2 left on base; Connetquot 8 - Grim 1
BOTTOM OF THE 7TH
Grim Reapers batting - Pitching for Connetquot Chiefs : RHP Turner Shamburger
Batting: RHB Huai-yi Yang 0-0: Ball
1-0: Ball
2-0: Foul Ball, location: 2F
2-1: Swinging Strike
2-2: Strikes out looking
Batting: SHB Fernando Rincón 0-0: Ball
1-0: Ball
2-0: Called Strike
2-1: Ball
3-1: Swinging Strike
3-2: Foul Ball, location: 2F
3-2: Strikes out swinging, 2-3 out at first.
Batting: RHB Joe Rodgers 0-0: Ball
1-0: Ball
2-0: Ball
3-0: Called Strike
3-1: Ground out 6-3 (Groundball, 6D)
Bottom of the 7th over - 0 runs, 0 hits, 0 errors, 0 left on base; Connetquot 8 - Grim 1
TOP OF THE 8TH
Connetquot Chiefs batting - Pitching for Grim Reapers : RHP Chang-soo Yi
Batting: RHB Peter Geib 0-0: Ball
1-0: Called Strike
1-1: Ball
2-1: Foul Ball, location: 2F
2-2: Foul Ball, location: 2F
2-2: Strikes out swinging
Batting: RHB Jorge Concepción 0-0: Ball
1-0: Called Strike
1-1: Foul Ball, location: 2F
1-2: SINGLE (Line Drive, 8LS)
Batting: LHB Wilson López 0-0: Called Strike
0-1: Fly out, F7 (Flyball, 7D)
Runner from 1st tags up, SAFE at 2nd
Batting: LHB Govaart Pleijt 0-0: Foul Ball, location: 2F
0-1: Swinging Strike
0-2: Ball
1-2: Strikes out swinging
Top of the 8th over - 0 runs, 1 hit, 0 errors, 1 left on base; Connetquot 8 - Grim 1
BOTTOM OF THE 8TH
Grim Reapers batting - Pitching for Connetquot Chiefs : RHP Turner Shamburger
Batting: RHB Askari bin Idris 0-0: Ball
1-0: SINGLE (Line Drive, 4D)
Batting: RHB Caleb Ogle 0-0: Fielders Choice at 2nd, 6-4 (Groundball, 6)
Batting: RHB Milos Jaksch 0-0: Fly out, F9 (Flyball, 9)
Batting: RHB Colby King 0-0: Fly out, F8 (Flyball, 8LS)
Bottom of the 8th over - 0 runs, 1 hit, 0 errors, 1 left on base; Connetquot 8 - Grim 1
TOP OF THE 9TH
Connetquot Chiefs batting - Pitching for Grim Reapers : RHP Chang-soo Yi
Batting: RHB Júlio Flores 0-0: Foul Ball, location: 2F
0-1: Called Strike
0-2: Foul Ball, location: 2F
0-2: Ball
1-2: Strikes out swinging
Batting: LHB Travis Grigor 0-0: Ball
1-0: Called Strike
1-1: Ball
2-1: Ball
3-1: Ground out 4-3 (Groundball, 4)
Batting: RHB Héctor Amaya 0-0: Foul Ball, location: 2F
0-1: Foul Ball, location: 2F
0-2: Ball
1-2: Ball
2-2: Ball
3-2: Strikes out swinging
Top of the 9th over - 0 runs, 0 hits, 0 errors, 0 left on base; Connetquot 8 - Grim 1
BOTTOM OF THE 9TH
Grim Reapers batting - Pitching for Connetquot Chiefs : RHP Turner Shamburger
Now at C: Jeff Perkins
Batting: LHB Glen Allen Mixon 0-0: Called Strike
0-1: Swinging Strike
0-2: Ball
1-2: Strikes out swinging
Batting: RHB Mun-wah Law 0-0: Ball
1-0: Called Strike
1-1: Ground out 6-3 (Groundball, 6)
Batting: RHB Huai-yi Yang 0-0: Called Strike
0-1: Called Strike
0-2: Ball
1-2: Foul Ball, location: 2F
1-2: Ground out 4-3 (Groundball, 4)
Bottom of the 9th over - 0 runs, 0 hits, 0 errors, 0 left on base; Connetquot 8 - Grim 1
Sunday, March 18th, 2018 - OOTP Baseball 18.8 Build 76